 Dungeon Crawl Stone Soup version 0.27-a0-972-gd1521fd518 (webtiles) character file.

Game seed: 4830867477558731557

23 polve the Skirmisher (level 2, -5/24 HPs)
             Began as a Demonspawn Abyssal Knight on Apr 13, 2021.
             Was an Initiate of Lugonu.
             Slain by Terence
             ... wielding a +0 flail
              (13 damage)
             ... on level 2 of the Dungeon.
             The game lasted 00:00:56 (2057 turns).

polve the Skirmisher (Demonspawn Abyssal Knight)    Turns: 2057, Time: 00:00:56

Health: -5/24      AC:  3    Str: 12    XL:     2   Next: 72%
Magic:  3/3        EV: 11    Int: 13    God:    Lugonu [......]
Gold:   36         SH:  0    Dex: 18    Spells: 1/1 levels left

rFire    . . .     SeeInvis .   a - +1 short sword
rCold    . . .     Faith    .   (no shield)
rNeg     . . .     Spirit   .   b - +0 leather armour
rPois    .         Reflect  .   (no helmet)
rElec    .         Harm     .   (no cloak)
rCorr    .         Rampage  .   (no gloves)
Will     .....                  (no boots)
Stlth    +.........             (no amulet)
HPRegen  0.08/turn              c - +6 ring of dexterity
MPRegen  0.08/turn              (no ring)

@: no status effects
A: demonic magic 1
a: Renounce Religion


You were on level 2 of the Dungeon.
You worshipped Lugonu.
Lugonu was noncommittal.
You visited 1 branch of the dungeon, and saw 2 of its levels.
You visited the Abyss 1 time.

You collected 36 gold pieces.

Inventory:

Hand Weapons
 a - a +1 short sword (weapon)
Armour
 b - a +0 leather armour (worn)
 g - a +0 helmet
Jewellery
 c - a +6 ring of dexterity (left hand)
Scrolls
 d - 2 scrolls of fog {unknown}
 e - 2 scrolls of teleportation {unknown}
 f - a scroll of amnesia {unknown}


   Skills:
 - Level 3.0 Fighting
 + Level 3.0 Short Blades
 - Level 1.7 Armour
 - Level 0.8 Dodging
 - Level 2.4 Invocations


You had one spell level left.
You didn't know any spells.
Your spell library contained the following spells:

 Spells                   Type           Power      Damage    Failure   Level
 Freeze                   Ice            0%         1d3       36%         1
 Frozen Ramparts          Ice            0%         1d2       75%         3
 Ozocubu's Armour         Ice            0%         N/A       75%         3
 Hailstorm                Conj/Ice       0%         3d3       98%         4
 Metabolic Englaciation   Hex/Ice        0%         N/A       100%        5


Dungeon Overview and Level Annotations

Branches:
Dungeon (2/15)

Altars:

Annotations:
D:2 Terence


Innate Abilities, Weirdness & Mutations

Spells you cast may paralyse adjacent enemies.


Message History

You are too injured to fight recklessly!
You are too injured to fight recklessly!
You are too injured to fight recklessly!
You are too injured to fight recklessly!
You are too injured to fight recklessly!
You are too injured to fight recklessly!
You are too injured to fight recklessly!
You are too injured to fight recklessly!
You are too injured to fight recklessly!
You are too injured to fight recklessly!
You are too injured to fight recklessly!
You are too injured to fight recklessly!
You are too injured to fight recklessly!
The quokka barely misses you.
Terence screams, "I'm going to kill you!"
The quokka completely misses you.
You barely miss the quokka. The quokka misses you.
You hit the quokka.
You kill the quokka!
Lugonu accepts your kill.
You hit Terence.
Terence is lightly wounded.
Terence hits you with a +0 flail.
You puncture Terence!
Terence is heavily wounded.
Terence barely misses you.
You hit Terence but do no damage.
Terence is heavily wounded.
Terence closely misses you.
You barely miss Terence.
Terence is heavily wounded.
Terence barely misses you.
You completely miss Terence.
Terence is heavily wounded.
Terence completely misses you.
You hit Terence.
Terence is severely wounded.
Terence hits you with a +0 flail!
Ouch! That really hurt!
You die...

###.#### ... #.#
#.# #.#########
#.........#
#########.# #.#
#########.#
#.......#@#
#.......#@#
#.......#.#
#.......#.#
#.......#.#
#.......#.#####..
#...............#
#...............#
#...............#


You could see Terence.

Vanquished Creatures
  4 endoplasms
  4 giant cockroaches
  A hobgoblin (D:1)
  2 kobolds (D:1)
  2 quokkas
  A ball python (D:1)
  3 bats
  A frilled lizard (D:1)
18 creatures vanquished.

Notes
Turn   | Place    | Note
-------+----------+-------------------------------------------
     0 | Abyss:1  | polve the Demonspawn Abyssal Knight began the quest for the
                  | Orb.
     0 | Abyss:1  | Reached XP level 1. HP: 18/18 MP: 2/2
     8 | Abyss:1  | Found a corrupted altar of Lugonu.
    43 | Abyss:1  | Found a corrupted altar of Lugonu.
    62 | Abyss:1  | Found a corrupted altar of Lugonu.
    79 | Abyss:1  | Found a corrupted altar of Lugonu.
   391 | Abyss:1  | Noticed a worldbinder
   399 | D:1      | Escaped the Abyss
  1114 | D:1      | Gained mutation: Spells you cast may paralyse adjacent
                  | enemies. [demonic ancestry]
  1114 | D:1      | Reached XP level 2. HP: 24/24 MP: 3/3
  2036 | D:2      | Noticed Terence
  2057 | D:2      | Slain by Terence

Illustrated notes

Levels and vault maps discovered:
D:1:      minmay_arrival_floating_metal, layout_loops_ring,
          kennysheep_nondescript, minmay_misc_feat_rows
D:2:      layout_basic, uniq_terence, uniq_sigmund, uniq_natasha

Skill      XL: |  1  2 |
---------------+-------+-----
Short Blades   | 2 3 |  3.0
Fighting       | |  3.0
Armour         | |  1.7
Dodging        | |  0.8
Invocations    | |  2.4

Action                   || total
-------------------------++-------
Melee: Short sword       ||    71
Invok: Depart the Abyss  ||     1
  Use: Scroll            ||     1
       Potion            ||     1
 Stab: Sleeping          ||     1
Armor: Leather armour    ||    24
Dodge: Dodged            ||    37

Table legend: (Time is in decaauts)
 A = Elapsed time spent in this place.
 B = Non-inter-level travel time spent in this place.
 C = Inter-level travel time spent in this place.
 D = Time resting spent in this place.
 E = Time spent auto-exploring this place.
 F = Levels seen in this place.
 G = Mean time per level.
                   A        B        C        D        E       F      G
               +--------+--------+--------+--------+--------+-----+--------+
         Total |   2056 |   2009 |     47 |    311 |   1531 |   3 |  685.3 |
       Dungeon |   1657 |   1610 |     47 |      0 |   1453 |   2 |  828.5 |
         Abyss |    399 |    399 |      0 |    311 |     78 |   1 |  399.0 |
               +--------+--------+--------+--------+--------+-----+--------+

Top non-repeatable levels by time:
     D:1: 1564 daAuts
 Abyss:1: 399 daAuts
     D:2: 92 daAuts
